 Dungeon Crawl Stone Soup version 0.25.0-26-g0c896c7088 (webtiles) character file.

Game seed: 7200247287352385211

130 Delamore the Chopper (level 5, -6/45 HPs)
             Began as a Hill Orc Monk on July 1, 2020.
             Was a Believer of Okawaru.
             Mangled by an orc warrior
             ... wielding a +0 morningstar
              (11 damage)
             ... on level 4 of the Dungeon.
             The game lasted 00:02:37 (2991 turns).

Delamore the Chopper (Hill Orc Monk)                Turns: 2991, Time: 00:02:38

Health: -6/45      AC:  5    Str: 15    XL:     5   Next: 13%
Magic:  3/5        EV: 16    Int: 10    God:    Okawaru [**....]
Gold:   121        SH:  0    Dex: 13    Spells: 4/4 levels left

rFire    . . .     SeeInvis +   a - +0 hand axe
rCold    . . .     Gourm    .   (no shield)
rNeg     . . .     Faith    .   q - +0 leather armour (curse)
rPois    .         Spirit   .   (no helmet)
rElec    .         Reflect  .   (no cloak)
rCorr    .         Harm     .   (no gloves)
MR       .....                  o - +1 pair of boots
Stlth    +++.......             (no amulet)
HPRegen  0.15/turn              n - ring of see invisible
MPRegen  0.09/turn              (no ring)

@: heroism
A: no striking features
a: Heroism, Renounce Religion


You were on level 4 of the Dungeon.
You worshipped Okawaru.
Okawaru was pleased with you.
You were not hungry.

You visited 1 branch of the dungeon, and saw 4 of its levels.

You collected 121 gold pieces.

Inventory:

Hand Weapons
 a - a +0 hand axe (weapon)
Missiles
 d - 4 curare-tipped darts (quivered)
 x - 7 javelins
Armour
 f - a +0 leather armour
 o - a +1 pair of boots (worn)
 q - a cursed +0 leather armour (worn)
Jewellery
 n - a ring of see invisible (left hand)
Wands
 v - a wand of acid (9)
 w - a wand of random effects (15)
Scrolls
 b - a scroll of fog {unknown}
 e - a scroll of magic mapping {unknown}
 g - 2 scrolls of teleportation {unknown}
 i - a scroll of noise {unknown}
 j - 3 scrolls of remove curse {unknown}
 l - 4 scrolls of identify {unknown}
 m - a scroll of blinking {unknown}
 t - a scroll of enchant armour {unknown}
Potions
 h - a potion of ambrosia {unknown}
 k - a potion of berserk rage {unknown}
 p - a potion of lignification {unknown}
 r - a potion of might {unknown}
 s - a potion of heal wounds {unknown}
 z - a potion of brilliance {unknown}
 A - 2 potions of curing {unknown}
Comestibles
 c - 6 rations
 u - 2 chunks of flesh


   Skills:
 - Level 3.6(8.6) Fighting
 + Level 7.5(12.5) Axes
 - Level 2.4(7.4) Dodging
 - Level 1.5(6.5) Stealth


You had 4 spell levels left.
You didn't know any spells.
Your spell library was empty.

Dungeon Overview and Level Annotations

Branches:
Dungeon (4/15)
 Temple: D:4-7

Altars:
Okawaru


Message History

You are too injured to fight recklessly!
You are too injured to fight recklessly!
You are too injured to fight recklessly!
You are too injured to fight recklessly!
You are too injured to fight recklessly!
You closely miss the orc.
The orc is almost dead.
An orc comes into view. It is wielding a +0 hand axe.
The orc shouts!
You hit the orc warrior but do no damage.
You hit the orc warrior but do no damage.
The orc warrior hits you with a +0 morningstar!
* * * LOW HITPOINT WARNING * * *
You gain the combat prowess of a mighty hero.
The orc warrior hits you with a +0 morningstar!
* * * LOW HITPOINT WARNING * * *
You hit the orc warrior but do no damage.
Okay, then.
The orc warrior hits you with a +0 morningstar!
You die...

#### #.. ### #.#
###.#####<#
##....@....#
#.###....o.#####
#........o..# #
#####......## ..#
##...o## ###....
#.#รท#.#######......#
#.........o...#
#.#.#.#######...#
##...## #.##


You could see an orc warrior and 2 orcs.

Vanquished Creatures
  4 gnolls
  4 adders
  2 dart slugs (D:1)
  2 leopard geckos
  7 goblins
  3 hobgoblins
  5 jackals
  7 kobolds
  A quokka (D:2)
  A ball python (D:2)
  8 bats
  3 frilled lizards
  9 rats
56 creatures vanquished.

Notes
Turn   | Place    | Note
-------+----------+-------------------------------------------
     0 | D:1      | Delamore the Hill Orc Monk began the quest for the Orb.
     0 | D:1      | Reached XP level 1. HP: 19/19 MP: 1/1
   364 | D:1      | Reached XP level 2. HP: 22/26 MP: 2/2
   694 | D:1      | Reached skill level 5 in Axes
  1235 | D:2      | Found an iron altar of Okawaru.
  1252 | D:2      | Became a worshipper of Warmaster Okawaru
  1252 | D:2      | Reached * piety under Okawaru
  1252 | D:2      | Reached ** piety under Okawaru
  1351 | D:2      | Reached XP level 3. HP: 28/31 MP: 3/3
  1669 | D:2      | Reached skill level 6 in Axes
  2011 | D:3      | Reached XP level 4. HP: 39/39 MP: 4/4
  2447 | D:3      | Reached skill level 7 in Axes
  2810 | D:3      | Reached XP level 5. HP: 45/45 MP: 5/5
  2964 | D:4      | Noticed an orc warrior
  2991 | D:4      | Mangled by an orc warrior

Illustrated notes

Levels and vault maps discovered:
D:1:      psy_arrival_radial02, layout_loops_ring, serial_bayou,
          serial_bayou_pond_c, serial_bayou_lagoon_b, serial_bayou_pond_b,
          serial_bayou_pond_e
D:2:      minmay_inner_zag, layout_loops_cross, first_ration, okawaru_trees_2
D:3:      layout_rooms
D:4:      layout_loops_ring, minmay_temple_entry_poolview, roderic_batcave

Skill      XL: |  1  2  3  4 |
---------------+-------------+-----
Axes           | 5 6 7 |  7.5
Fighting       | |  3.6
Dodging        | |  2.4
Stealth        | |  1.5

Action                   |  1- 3 |  4- 6 || total
-------------------------+-------+-------++-------
Melee: Hand axe          |   136 |    75 ||   211
Invok: Heroism           |       |     1 ||     1
 Stab: Sleeping          |     2 |     1 ||     3
  Eat: Chunk             |     4 |     3 ||     7
Armor: Leather armour    |    55 |    28 ||    83
Dodge: Dodged            |   122 |    61 ||   183
